 Dungeon Crawl Stone Soup version 0.23-a0-241-g3b46b07 (webtiles) character file.

33306 Kidiri the Fighter (level 13, -9/116 HPs)
             Began as a Minotaur Fighter on Sept 26, 2018.
             Was a High Priest of Okawaru.
             Killed from afar by an oklob plant (10 damage)
             ... with a splash of acid
             ... on level 6 of the Lair of Beasts.
             The game lasted 00:42:35 (16253 turns).

Kidiri the Fighter (Minotaur Fighter)              Turns: 16253, Time: 00:42:37

Health: -9/116     AC:  7    Str: 28    XL:     13   Next: 36%
Magic:  0/25       EV: 21    Int:  3    God:    Okawaru [*****.]
Gold:   885        SH:  0    Dex: 15    Spells: 14/18 levels left

rFire    . . .     SeeInvis .   r - +2 broad axe "Ceg Dusa" {chaos, *Rage +Inv rC+ MR+ Str+4}
rCold    + . .     Gourm    .   c - +2 shield
rNeg     . . .     Faith    .   w - +3 ring mail of Esaschick {Dex+3}
rPois    .         Spirit   +   (helmet unavailable)
rElec    .         Reflect  .   a - scarf {Spirit}
rCorr    .         Harm     .   (no gloves)
MR       +....     Rnd*Rage +   j - +2 pair of boots
Stlth    +.........             (no amulet)
HPRegen  0.29/turn              I - ring of magical power
MPRegen  0.19/turn              t - ring of flight

@: confused, heroism, finesse, corroded, studying Throwing
A: retaliatory headbutt, horns 3, dopey 1
a: Heroism, Finesse, Renounce Religion, Evoke Invisibility, Evoke Flight


You were on level 6 of the Lair of Beasts.
You worshipped Okawaru.
Okawaru was extremely pleased with you.
You were not hungry.

You visited 3 branches of the dungeon, and saw 15 of its levels.
You also visited: Labyrinth and Sewer.

You collected 885 gold pieces.

Inventory:

Hand Weapons
 r - the +2 broad axe "Ceg Dusa" (weapon) {chaos, *Rage +Inv rC+ MR+ Str+4}
   (You found it on level 6 of the Dungeon)

   Each time it hits an enemy it has a different, random effect.
   It affects your strength (+4).
   It protects you from cold.
   It affects your resistance to hostile enchantments.
   It lets you turn invisible.
   It may make you go berserk in combat.
 O - a +4 blowgun
Missiles
 e - 8 tomahawks
 v - 18 javelins of penetration (quivered)
 B - 3 curare-tipped needles
 P - 8 needles of frenzy
 Q - 17 poisoned needles
Armour
 a - a scarf of spirit shield (worn)
 c - a +2 shield (worn)
 h - a +1 cloak
 j - a +2 pair of boots (worn)
 w - the +3 ring mail of Esaschick (worn) {Dex+3}
   (You found it in a sewer)

   It affects your dexterity (+3).
 F - a +2 scale mail of fire resistance
 L - a +1 chain mail of cold resistance
 R - the +3 crown of Dyrovepreva {rElec Int+2 SInv}
   (You found it on level 6 of the Dungeon)

   It affects your intelligence (+2).
   It insulates you from electricity.
   It lets you see invisible.
Jewellery
 b - an uncursed ring of teleportation
 k - a +5 ring of intelligence
 s - an uncursed ring of wizardry
 t - a ring of flight (right hand)
 C - a +5 ring of intelligence
 I - a ring of magical power (left hand)
Wands
 o - a wand of acid (9)
 E - a wand of polymorph (28)
 J - a wand of iceblast (19)
 K - a wand of paralysis (20)
Scrolls
 g - 6 scrolls of fog
 y - 4 scrolls of teleportation
 A - 2 scrolls of amnesia
Potions
 d - 5 potions of haste
 i - 3 potions of might
 l - 4 potions of heal wounds
 m - 2 potions of berserk rage
 n - 3 potions of lignification
 p - a potion of cancellation
 q - 3 potions of curing
 x - 3 potions of brilliance
 z - 3 potions of agility
 G - a potion of degeneration {unknown}
 S - a potion of flight
 T - a potion of magic
Books
 H - a manual of Throwing
Comestibles
 f - 33 rations
 u - 18 chunks of flesh


   Skills:
 * Level 11.1(16.1) Fighting
 * Level 10.9(15.9) Axes
 + Level 7.2(12.2) Throwing
 * Level 11.0(16.0) Armour
 * Level 9.6(14.6) Dodging
 + Level 5.5(10.5) Stealth
 * Level 10.8(15.8) Shields
 + Level 3.1 Spellcasting
 + Level 3.6 Conjurations
 + Level 1.8 Earth Magic
 + Level 4.5 Evocations


You had 14 spell levels left.
You knew the following spells:

 Your Spells              Type           Power        Failure   Level  Hunger
a - Sting                 Conj/Pois      #...         26%         1    ##.....
b - Stone Arrow           Conj/Erth      #.....       50%         3    ####...

Your spell library contained the following spells:

 Spells                   Type           Power        Failure   Level  Hunger
 Sandblast                Erth           #.....       26%         1    ##.....
 Passwall                 Tmut/Erth      #.......     52%         2    ###....
 Poisonous Vapours        Pois/Air       #.....       65%         2    ###....
 Mephitic Cloud           Conj/Pois/Air  #.......     71%         3    ####...
 Petrify                  Tmut/Erth      #.......     98%         4    #####..
 Cause Fear               Hex            #.........   99%         4    #####..
 Olgreb's Toxic Radiance  Pois           #.......     99%         4    #####..
 Lee's Rapid Deconstruct  Erth           #.........   100%        5    ######.
 Silence                  Hex/Air        #.........   100%        5    ######.
 Venom Bolt               Conj/Pois      #.........   100%        5    ######.
 Yara's Violent Unravell  Hex/Tmut       #.........   100%        5    ######.
 Deflect Missiles         Chrm/Air       #.........   100%        6    #######
 Discord                  Hex            #.........   100%        8    #######


Dungeon Overview and Level Annotations

Branches:
Dungeon (8/15)             Temple (1/1) D:4            Lair (6/6) D:8
  Swamp (0/4) Lair:4       Spider (0/4) Lair:4        Slime (0/5) Lair:6

Altars:
Ashenzari
Cheibriados
Dithmenos
Elyvilon
Fedhas
Gozag
Hepliaklqana
Kikubaaqudgha
Makhleb
Nemelex Xobeh
Okawaru
Qazlal
Ru
Sif Muna
Uskayaw
Vehumet
Wu Jian
Xom
Yredelemnul
Zin
The Shining One

Shops:
D:4 %

Annotations:
Lair:1 1 runed door, namelastname112's ghost, novice DrWn
Lair:6 exclusion: 2 oklob plants


Innate Abilities, Weirdness & Mutations

You reflexively headbutt those who attack you in melee.
You have a pair of large horns on your head.
You are dopey. (Int -2)


Message History

* * * LOW HITPOINT WARNING * * *
The oklob plant spits acid at you. The splash of acid misses you.
You feel much better.
You are engulfed in noxious fumes.
You choke on the stench!
You are more confused.
You are splashed with acid!
The walls burn you!
* * * LOW HITPOINT WARNING * * *
You feel better.
You are engulfed in noxious fumes.
You choke on the stench!
You are confused.
You are splashed with acid!
The walls burn you!
* * * LOW HITPOINT WARNING * * *
You feel better.
You are engulfed in noxious fumes.
You choke on the stench!
You are confused.
* * * LOW HITPOINT WARNING * * *
You are splashed with acid!
The walls burn you!
* * * LOW HITPOINT WARNING * * *
The oklob plant spits acid at you. The splash of acid hits you!
You die...

..##...........##
######.........P#
## ###.........#
.####...........#
.............####
............## ###
.#P.........#
##.###
##..###.....#
#§...##
#....#P.....#
#@§P..#
............#
#P§..##
♣###♣♣......##
#§§§..## #
##......###.§....#
##......###....##
#......####....#
#.......####...#
##....#...###...#
#.....#....##...#


You could see 2 oklob plants.

Vanquished Creatures
  A minotaur (Lab)
  Josephine (Lair:5)
  3 hydras
  4 death yaks
  8 elephants (Lair:6)
  4 black mambas
  3 gargoyles (Lab)
  5 komodo dragons
  13 spiny frogs
  2 jumping spiders (Lair:4)
  A minotaur skeleton (Lab)
  A queen bee (Lair:6)
  3 meliai (Lair:6)
  Grinder (D:5)
  8 blink frogs
  6 hippogriffs
  A redback (Lair:4)
  28 yaks
  Sigmund (D:2)
  4 wraiths (Lair:5)
  2 hungry ghosts
  7 water moccasins
  Duvessa (D:4)
  14 porcupines
  2 ice beasts
  3 sky beasts
  A phantom (D:4)
  2 orc warriors
  An ogre (D:8)
  A necrophage (D:8)
  A tengu (shapeshifter) (Lair:4)
  13 crocodiles
  4 wolves (Lair:1)
  2 centaurs
  4 big kobolds (Sewer)
  8 bullfrogs
  Dowan (D:4)
  2 scorpions
  16 killer bees (Lair:6)
  3 wights (D:8)
  An electric eel (Lair:2)
  3 howler monkeys
  2 crimson imps
  2 bullfrog zombies (D:6)
  6 orc wizards
  6 hounds
  3 jellies
  2 orc priests
  3 centaur skeletons
  Ijyb (D:4)
  2 worker ants
  4 hell rats (Lair:6)
  2 ogre skeletons (Lab)
  A hound zombie (D:6)
  2 gnolls (D:7)
  13 adders
  4 river rats (Sewer)
  3 shadow imps
  An ooze (Sewer)
  2 adder zombies
  6 worms
  6 dart slugs
  5 leopard geckos
  17 orcs
  6 ball pythons
  8 bats
  10 giant cockroaches
  12 goblins
  8 hobgoblins
  21 kobolds
  2 quokkas (D:8)
  4 frilled lizards
  A leopard gecko skeleton (D:5)
  A quokka zombie (D:8)
  24 rats
  2 fungi
  9 plants
391 creatures vanquished.

Vanquished Creatures (collateral kills)
  A bullfrog (D:8)
  A plant (D:8)
2 creatures vanquished.

Vanquished Creatures (others)
  An elephant (Lair:6)
  12 fungi
  2 plants
15 creatures vanquished.

Grand Total: 408 creatures vanquished

Notes
Turn   | Place    | Note
-------+----------+-------------------------------------------
     0 | D:1      | Kidiri the Minotaur Fighter began the quest for the Orb.
     0 | D:1      | Reached XP level 1. HP: 19/19 MP: 0/0
   240 | D:1      | Reached skill level 1 in Dodging
   240 | D:1      | Reached XP level 2. HP: 27/27 MP: 1/1
   678 | D:2      | Reached XP level 3. HP: 19/33 MP: 2/2
   933 | D:2      | Found an ancient bone altar of Kikubaaqudgha.
  1229 | D:2      | Noticed Sigmund
  1233 | D:2      | Killed Sigmund
  1233 | D:2      | Reached skill level 1 in Throwing
  1233 | D:2      | Reached skill level 1 in Stealth
  1233 | D:2      | Reached XP level 4. HP: 41/41 MP: 3/3
  1233 | D:2      | Reached XP level 5. HP: 47/47 MP: 4/4
  1964 | D:3      | Reached XP level 6. HP: 53/53 MP: 5/5
  2045 | D:3      | Found a snail-covered altar of Cheibriados.
  2422 | D:4      | Found a staircase to the Ecumenical Temple.
  2452 | D:4      | Noticed Duvessa
  2453 | D:4      | Noticed Dowan
  2483 | D:4      | Killed Duvessa
  2483 | D:4      | Reached skill level 5 in Armour
  2485 | D:4      | Killed Dowan
  2519 | D:4      | Reached skill level 5 in Fighting
  2637 | D:4      | Reached XP level 7. HP: 56/61 MP: 6/6
  2654 | D:4      | Noticed Ijyb
  2660 | D:4      | Reached skill level 5 in Shields
  2662 | D:4      | Killed Ijyb
  2956 | D:4      | Found Doohij's Food Boutique.
  3042 | D:4      | Found a glowing drain.
  3068 | Sewer    | Entered a sewer
  3264 | Sewer    | Got an encrusted ring mail
  3393 | Sewer    | Reached skill level 5 in Axes
  3397 | Sewer    | Reached XP level 8. HP: 48/70 MP: 7/7
  3697 | D:4      | Identified the +3 ring mail of Esaschick {Dex+3} (You found
                  | it in a sewer)
  3917 | Temple   | Entered the Ecumenical Temple
  4125 | D:5      | Entered Level 5 of the Dungeon
  4389 | D:5      | Found a glowing silver altar of Zin.
  4389 | D:5      | Noticed an angel
  4956 | D:5      | Noticed Grinder
  4960 | D:5      | Paralysed by Grinder for 3 turns
  4975 | D:5      | Paralysed by Grinder for 7 turns
  4990 | D:5      | Killed Grinder
  5282 | D:6      | Got a polished broad axe
  5283 | D:6      | Identified the cursed +2 broad axe "Ceg Dusa" {chaos, *Rage
                  | +Inv rC+ MR+ Str+4} (You found it on level 6 of the
                  | Dungeon)
  5353 | D:6      | Reached skill level 5 in Dodging
  5442 | D:6      | Reached XP level 9. HP: 78/78 MP: 8/8
  5443 | D:6      | Found a sparkling altar of Nemelex Xobeh.
  5465 | D:6      | Found the +3 crown of Dyrovepreva {rElec Int+2 SInv}
  6248 | D:7      | Reached skill level 1 in Evocations
  6327 | D:7      | Gained mutation: You are dopey. (Int -2) [potion of
                  | mutation]
  6327 | D:7      | Gained mutation: You have a pair of large horns on your
                  | head. [potion of mutation]
  6474 | D:7      | Found an iron altar of Okawaru.
  6489 | D:7      | Became a worshipper of Warmaster Okawaru
  7062 | D:8      | Learned a level 1 spell: Sting
  7244 | D:8      | Reached * piety under Okawaru
  7275 | D:8      | Reached XP level 10. HP: 77/88 MP: 10/10
  7306 | D:8      | Found a staircase to the Lair.
  7674 | Lair:1   | Entered Level 1 of the Lair of Beasts
  7698 | Lair:1   | Reached ** piety under Okawaru
  7837 | Lair:1   | Got a dazzling battleaxe
  7853 | Lair:1   | Reached skill level 1 in Conjurations
  7904 | Lair:1   | Noticed a spiny frog
  7909 | Lair:1   | Reached skill level 1 in Spellcasting
  7915 | Lair:1   | Killed a spiny frog
  8269 | Lair:1   | Reached *** piety under Okawaru
  8409 | Lair:1   | Found a runed door.
  8416 | Lair:1   | Found a shimmering altar of Xom.
  8416 | Lair:1   | Noticed a dire flail of chaos
  8416 | Lair:1   | Noticed namelastname112's ghost (novice DrWn)
  8985 | Lair:1   | Identified the cursed +0 battleaxe of the End {antimagic,
                  | rN+ Int+4} (You found it on level 1 of the Lair of Beasts)
  9004 | Lair:2   | Found a labyrinth entrance.
  9024 | Lab      | Entered a labyrinth
  9388 | Lab      | Noticed a gargoyle
  9406 | Lab      | Killed a gargoyle
  9595 | Lab      | Noticed a gargoyle
  9600 | Lab      | Killed a gargoyle
  9615 | Lab      | Noticed a gargoyle
  9620 | Lab      | Killed a gargoyle
  9620 | Lab      | Reached XP level 11. HP: 83/94 MP: 12/12
 10239 | Lab      | Noticed a minotaur
 10253 | Lab      | Killed a minotaur
 10253 | Lab      | Reached **** piety under Okawaru
 10765 | Lair:2   | Reached ***** piety under Okawaru
 11379 | Lair:3   | Noticed a death yak
 11380 | Lair:3   | Noticed a death yak
 11380 | Lair:3   | Noticed a death yak
 11380 | Lair:3   | Noticed a death yak
 11399 | Lair:4   | Killed a death yak
 11399 | Lair:4   | Reached skill level 5 in Throwing
 11480 | Lair:4   | Noticed a seven-headed hydra
 11484 | Lair:4   | Killed a nine-headed hydra
 11484 | Lair:4   | Received a gift from Okawaru
 11982 | Lair:4   | Found a staircase to the Swamp.
 11989 | Lair:4   | Reached XP level 12. HP: 106/106 MP: 14/14
 12118 | Lair:4   | Found a hole to the Spider Nest.
 12283 | Lair:4   | Reached skill level 10 in Armour
 12315 | Lair:4   | Reached skill level 10 in Fighting
 12333 | Lair:4   | Reached skill level 10 in Shields
 12336 | Lair:4   | Reached skill level 5 in Stealth
 12691 | Lair:4   | Reached skill level 10 in Axes
 13362 | Lair:3   | Learned a level 3 spell: Stone Arrow
 13448 | Lair:3   | Killed a death yak
 13451 | Lair:3   | Killed a death yak
 13454 | Lair:3   | Killed a death yak
 13454 | Lair:3   | Reached ****** piety under Okawaru
 13633 | Lair:3   | Received a gift from Okawaru
 14402 | Lair:5   | Noticed Josephine
 14415 | Lair:5   | Killed Josephine
 14415 | Lair:5   | Reached skill level 1 in Earth Magic
 14712 | Lair:5   | Noticed a four-headed hydra
 14719 | Lair:5   | Killed an eight-headed hydra
 15210 | Lair:6   | Entered Level 6 of the Lair of Beasts
 15272 | Lair:6   | Reached XP level 13. HP: 114/114 MP: 15/16
 16238 | Lair:6   | Found a staircase to the Slime Pits.
 16253 | Lair:6   | HP: 1/116 [acid (29)]
 16253 | Lair:6   | Killed from afar by an oklob plant

Vault maps used:
D:1:      ebering_hopf_link
D:2:      kiku_gazebo_pond_becter, uniq_sigmund
D:3:      old_standard_altar, first_ration
D:4:      minmay_temple_entry_statues, serial_shops, shop,
          cheibrodos_sewer_entry_bend, uniq_duvessa, uniq_ijyb
D:5:      zin_angel, uniq_grinder
D:6:      lemuel_crystal_altar
D:7:      okawaru_altar_gauntlet_db
D:8:      grunt_lair_entry_orc_guard_hut
Temple:   regret_index_temple_sphere_string
Lair:1:   ebering_ghost_xom
Lair:2:   lab_entry_generic, lemuel_fruit_fields, serial_bayou_shore_a,
          lemuel_fruit_tree
Lair:3:   beast_lair_carwin_2
Lair:4:   minmay_swamp_entry_worms, spider_nest_entry_a
Lair:5:   uniq_josephine
Lair:6:   due_jungle_book, minmay_slime_entry_oklob_enclosed, special_room
Lab:      labyrinth_spiral, nicolae_lab_big_swirl, labyrinth_skeletal_remains,
          lab_fountain, nicolae_lab_quarters
Sewer:    sewer_minmay_treatment

Skill      XL: |  1  2  3  4  5  6  7  8  9 10 11 12 13 |
---------------+----------------------------------------+-----
Dodging        | 1 2 3 4 5 6 7 8 9 |  9.6
Armour         | 4 5 6 7 8 9 10 11 | 11.0
Axes           | 3 4 5 6 7 8 9 10 | 10.9
Shields        | 4 5 6 7 8 9 10 | 10.8
Fighting       | 4 5 6 7 8 9 10 11 | 11.1
Throwing       | 1 2 3 4 5 6 7 |  7.2
Stealth        | 1 2 3 4 5 |  5.5
Evocations     | 2 3 4 |  4.5
Conjurations   | 1 2 3 |  3.6
Spellcasting   | 1 2 3 |  3.1
Earth Magic    | 1 |  1.8

Action                   |  1- 3 |  4- 6 |  7- 9 | 10-12 | 13-15 || total
-------------------------+-------+-------+-------+-------+-------++-------
Melee: War axe           |    86 |   106 |   177 |       |       ||   369
       Headbutt          |    12 |    18 |    60 |    96 |    30 ||   216
       Broad axe         |       |       |   115 |   358 |    95 ||   568
Throw: Tomahawk          |       |     6 |     4 |     3 |       ||    13
       Stone             |       |     2 |       |       |       ||     2
       Javelin           |       |       |       |     1 |       ||     1
Invok: Heroism           |       |       |       |     5 |     4 ||     9
       Finesse           |       |       |       |     2 |     3 ||     5
 Abil: Evoke Invisibilit |       |       |       |     1 |       ||     1
  Use: Potion            |     1 |       |     1 |     3 |     5 ||    10
       Scroll            |       |    12 |    12 |    16 |       ||    40
 Stab: Sleeping          |       |       |     5 |     6 |     1 ||    12
       Petrified         |       |       |     2 |       |       ||     2
       Paralysed         |       |       |     1 |     6 |     1 ||     8
       Petrifying        |       |       |     1 |       |       ||     1
       Invisible         |       |       |       |     9 |     1 ||    10
       Confused          |       |       |       |     1 |       ||     1
  Eat: Chunk             |     1 |     5 |     5 |    12 |     1 ||    24
       Ration            |       |       |     3 |     5 |       ||     8
Armor: Scale mail        |    41 |    18 |       |       |       ||    59
       Chain mail        |       |    36 |    71 |       |       ||   107
       Ring mail         |       |       |    52 |    97 |    36 ||   185
Dodge: Dodged            |    35 |    39 |    85 |   159 |    77 ||   395
Block: Shield            |    45 |    55 |   167 |   244 |   101 ||   612

Table legend:
 A = Non-vault XP
 B = Vault XP
 C = Vault XP percentage of total XP
 D = Non-vault monster count
 E = Vault monster count
 F = Vault count percentage of total count
                 A         B        C        D         E       F
            +---------+---------+-------+---------+---------+-------
      Total |   37035 |   10546 |  22.2 |     274 |     108 |  28.3
            +---------+---------+-------+---------+---------+-------
        D:1 |      28 |       0 |   0.0 |      14 |       0 |   0.0
        D:2 |      83 |     208 |  71.5 |      25 |       1 |   3.8
        D:3 |      90 |       0 |   0.0 |      28 |       0 |   0.0
        D:4 |     298 |     272 |  47.7 |      12 |       4 |  25.0
        D:5 |     319 |     290 |  47.6 |       8 |       1 |  11.1
        D:6 |    1105 |       0 |   0.0 |      28 |       0 |   0.0
        D:7 |     907 |      37 |   3.9 |      15 |       6 |  28.6
        D:8 |    1393 |     655 |  32.0 |      26 |       6 |  18.8
     Lair:1 |    2996 |       0 |   0.0 |      18 |       0 |   0.0
     Lair:2 |    2225 |       0 |   0.0 |       9 |       0 |   0.0
     Lair:3 |    5086 |     554 |   9.8 |      12 |       4 |  25.0
     Lair:4 |   11410 |     820 |   6.7 |      43 |       3 |   6.5
     Lair:5 |    2396 |    1916 |  44.4 |       8 |       5 |  38.5
     Lair:6 |    8699 |    2188 |  20.1 |      28 |      20 |  41.7
        Lab |       0 |    3068 | 100.0 |       0 |      10 | 100.0
      Sewer |       0 |     538 | 100.0 |       0 |      48 | 100.0
            +---------+---------+-------+---------+---------+-------
